 Dungeon Crawl Stone Soup version 0.32-a0-20-ge526923d97 (webtiles) character file.

Game seed: 12328641672900715013

15 IdlyInterested the Trooper (level 2, -2/24 HPs)
             Began as a Demonspawn Fighter on Jan 17, 2024.
             Slain by Sigmund
             ... wielding a +0 scythe
              (4 damage)
             ... on level 2 of the Dungeon.
             The game lasted 00:01:52 (698 turns).

IdlyInterested the Trooper (Demonspawn Fighter)      Turns: 698, Time: 00:01:53

Health: -2/24      AC:  6    Str: 16    XL:     2   Next: 34%
Magic:  2/2        EV:  8    Int:  8    God:
Gold:   115        SH:  0    Dex: 12    Spells: 1/1 levels left

rFire   . . .        a - +0 rapier
rCold   . . .        c - +0 buckler
rNeg    . . .        b - +0 scale mail
rPois   .            (helmet restricted)
rElec   .            (no cloak)
rCorr   .            (no gloves)
SInv    .            (no boots)
Will    .....        (no amulet) Stlth
                     (no ring)
HPRegen 0.24/turn    (no ring)
MPRegen 0.08/turn

%: no passive effects
@: confused, mighty, hasted, very quick
A: horns 1
a: no special abilities


You were on level 2 of the Dungeon.
You visited 1 branch of the dungeon, and saw 2 of its levels.

You collected 115 gold pieces.

Inventory:

Hand Weapons
 a - a +0 rapier (weapon)
Missiles
 i - 4 stones (quivered)
Armour
 b - a +0 scale mail (worn)
 c - a +0 buckler (worn)
Magical Staves
 k - a staff of conjuration
Talismans
 l - a flux talisman
Scrolls
 f - a scroll of identify {unknown}
 g - a scroll of amnesia {unknown}
 h - a scroll of revelation {unknown}
 m - a scroll of enchant armour {unknown}
Potions
 j - a potion of heal wounds {unknown}


   Skills:
 * Level 3.5 Fighting
 - Level 1.7 Short Blades
 + Level 2.9 Armour
 - Level 2.6 Shields


You had one spell level left.
You didn't know any spells.
Your spell library contained the following spells:

 Spells                   Type           Power      Damage    Failure   Level
 Summon Blazeheart Golem  Fire/Summ      0%         N/A       100%        4
 Metabolic Englaciation   Hex/Ice        0%         N/A       100%        5
 Discord                  Hex            0%         N/A       100%        8


Dungeon Overview and Level Annotations

Branches:
Dungeon (2/15)

Altars:

Annotations:
D:2 Sigmund


Innate Abilities, Weirdness & Mutations

You have a pair of small horns on your head.


Message History

Done exploring.
Done exploring.
You see here a +0 scale mail.
There is an escape hatch in the floor here.
You slide downwards.
The hatch slams shut behind you.
Sigmund shouts!
The rat squeaks loudly.
You hear a shout!
You feel very mighty all of a sudden. Sigmund casts a spell at you.
The magic dart hits you. Sigmund barely misses you.
You closely miss Sigmund. You headbutt Sigmund.
Sigmund is moderately wounded.
Sigmund closely misses you.
You closely miss Sigmund.
Sigmund is moderately wounded.
The rat bites you.
Sigmund breathes a few words.
Sigmund's hands start flickering wildly.
Sigmund gestures at you while chanting.
You are confused.
You barely miss Sigmund.
Sigmund is moderately wounded.
The rat closely misses you. Sigmund barely misses you.
You miss Sigmund. Your headbutt misses Sigmund.
Sigmund is moderately wounded.
The rat bites you but does no damage. Sigmund hits you with a +0 scythe.
The rat attacks as it pursues you! The rat barely misses you.
You puncture Sigmund!
Sigmund is severely wounded.
A bat comes into view.
A goblin comes into view. It is wielding a +0 dagger.
The rat bites you but does no damage. Sigmund gestures at you while chanting.
The puff of flame hits you!
Ouch! That really hurt!
* * * LOW HITPOINT WARNING * * *
It was a potion of haste.
You feel yourself speed up. The rat completely misses you.
Sigmund hits you with a +0 scythe.
You die...
Sigmund begins carving another notch in his scythe.

......#........
......#........
......#.......
#............
..........#
#...b...#
#....@..#
###...@r..#
...........#
...........#
...........#
....#.##.....
....#. #.......
.g. #.
#......... ..
#. #.........
#.........


You could see Sigmund, a goblin, a bat and a rat.

Vanquished Creatures
  A ball python (D:1)
  A bat (D:1)
  2 endoplasms (D:1)
  A giant cockroach (D:1)
  A goblin (D:1)
  2 hobgoblins (D:1)
  2 frilled lizards (D:1)
  3 kobolds (D:1)
  A rat (D:1)
14 creatures vanquished.

Notes
Turn   | Place    | Note
-------+----------+-------------------------------------------
     0 | D:1      | IdlyInterested the Demonspawn Fighter began the quest for
                  | the Orb.
     0 | D:1      | Reached XP level 1. HP: 18/18 MP: 1/1
   204 | D:1      | Gained mutation: You have a pair of small horns on your
                  | head. [demonic ancestry]
   204 | D:1      | Reached XP level 2. HP: 24/24 MP: 2/2
   220 | D:1      | Got Wumiytsa's Volume of Malisons and Soot
   688 | D:2      | Noticed Sigmund
   697 | D:2      | HP: 1/24 [Sigmund/puff of flame (12)]
   698 | D:2      | Slain by Sigmund

Illustrated notes

Levels and vault maps discovered:
D:1:      lemuel_arrival_behind_the_door_large, layout_loops_ring,
          glass_columns_a
D:2:      layout_basic, serial_shops, shop, chequers_ecumenical_altar_island,
          uniq_sigmund

Action                     || total
---------------------------++-------
  Melee: Rapier            ||    38
         Headbutt          ||     4
    Use: Potion            ||     2
 Armour: Scale mail        ||    32
  Dodge: Dodged            ||    22
  Block: Buckler           ||     6

Table legend: (Time is in decaauts)
 A = Elapsed time spent in this place.
 B = Non-inter-level travel time spent in this place.
 C = Inter-level travel time spent in this place.
 D = Time resting spent in this place.
 E = Time spent auto-exploring this place.
 F = Levels seen in this place.
 G = Mean time per level.
                   A        B        C        D        E       F      G
               +--------+--------+--------+--------+--------+-----+--------+
         Total |    703 |    647 |     56 |      0 |    512 |   2 |  351.5 |
       Dungeon |    703 |    647 |     56 |      0 |    512 |   2 |  351.5 |
               +--------+--------+--------+--------+--------+-----+--------+

Top non-repeatable levels by time:
     D:1: 693 daAuts
     D:2: 10 daAuts
